 Dungeon Crawl Stone Soup version 0.32-a0-705-g60f233581c (webtiles) character file.

Game seed: 6406347681621693759

6 seren the Ruffian (level 1, 0/13 HPs)
             Began as an Octopode Shapeshifter on Mar 14, 2024.
             Slain by a jackal (2 damage)
             ... on level 1 of the Dungeon.
             The game lasted 00:00:07 (53 turns).

seren the Ruffian (Octopode Shapeshifter)             Turns: 53, Time: 00:00:08

Health: 0/13       AC:  1    Str: 13    XL:     1   Next: 90%
Magic:  1/1        EV: 12    Int: 12    God:
Gold:   11         SH:  0    Dex: 11    Spells: 0/0 levels left

rFire   . .          .
                       - Unarmed
rCold   . . .        (no shield)
rNeg    . . .        (helmet currently unavailable)
rPois   .            (no amulet)
rElec   .            (no ring)
rCorr   .            (no ring)
SInv    .            (no ring)
Will    .....        (no ring)
Stlth   ++           (no ring)
HPRegen 0.22/turn    (no ring)
MPRegen 0.07/turn    (no ring)
                     (no ring)

%: no passive effects
@: beast-form
A: beast (slay +1), almost no armour, amphibious, 8 rings, camouflage 1,
gelatinous body 1, (nimble swimmer 1), tentacles
a: Begin Untransformation


You were on level 1 of the Dungeon.
You were a hulking beast.
You visited 1 branch of the dungeon, and saw 1 of its levels.

You collected 11 gold pieces.

Inventory:

Talismans
 b - a beast talisman (active)
 c - a flux talisman
Scrolls
 e - a scroll of torment {unknown}
Potions
 a - a potion of lignification
 d - a potion of curing {unknown}


   Skills:
 + Level 1.2 Fighting
 + Level 2.1 Dodging
 + Level 3.1 Unarmed Combat
 + Level 3.1 Shapeshifting


You couldn't memorise any spells.
You didn't know any spells.
Your spell library was empty.

Dungeon Overview and Level Annotations

Branches:
Dungeon (1/15)

Altars:


Innate Abilities, Weirdness & Mutations

You are a hulking beast.
Your limbs bulge with bestial killing power. (Slay +1)
You cannot wear most types of armour.
You are amphibious.
You can wear up to eight rings at the same time.
Your skin changes colour to match your surroundings (Stealth+).
Your rubbery body absorbs attacks. (AC +1, EV +1)
((You are camouflaged when in or above water. (Stealth+)))
You have tentacles for arms and can constrict up to eight enemies at once.


Message History

You kill the endoplasm!
The jackal misses you.
You barely miss the jackal. Your grab misses the jackal.
Your squeeze misses the jackal. The jackal bites you.
The jackal bites you but does no damage.
You tentacle-slap the jackal. You grab the jackal.
The jackal is heavily wounded.
You constrict the jackal.
You kill the jackal!
The jackal bites you.
* * * LOW HITPOINT WARNING * * *
The ball python hisses angrily.
You tentacle-slap the jackal but do no damage.
You grab the jackal.
You squeeze the jackal, but do no damage.
You constrict the jackal.
The jackal escapes!
The jackal bites you but does no damage.
You tentacle-slap the jackal. Your grab misses the jackal.
The jackal is severely wounded.
The jackal bites you.
* * * LOW HITPOINT WARNING * * *
The jackal misses you.
You closely miss the jackal. You grab the jackal.
The jackal is severely wounded.
You constrict the jackal.
You kill the jackal!
The jackal misses you.
A hobgoblin comes into view.
The jackal bites you.
* * * LOW HITPOINT WARNING * * *
The kobold attacks as it pursues you! The kobold barely misses you.
The goblin barely misses you. The jackal barely misses you.
You see here a jackal corpse.
The jackal completely misses you. The goblin attacks as it pursues you!
The goblin hits you with a +0 dagger.
* * * LOW HITPOINT WARNING * * *
The jackal bites you.
* * * LOW HITPOINT WARNING * * *
The jackal attacks as it pursues you! The jackal bites you.
You die...

#.#.# #
###....####.##g
...!...........
...........S... #. #.
#....S####..# #.. #.
####Kgh...... ...###.#
##.##..### #.......##
###h...###
#...)...###.h........
#...#.##..#########
#.............(..
####.##...........?.
#.......#...........
###.##..#####......[..
........#####.........
######................
#.#...###......##


You could see 2 jackals, a goblin and a ball python.

Vanquished Creatures
  An endoplasm (D:1)
  A giant cockroach (D:1)
  2 jackals (D:1)
  A rat (D:1)
5 creatures vanquished.

Notes
Turn   | Place    | Note
-------+----------+-------------------------------------------
     0 | D:1      | seren the Octopode Shapeshifter began the quest for the
                  | Orb.
     0 | D:1      | Reached XP level 1. HP: 13/13 MP: 1/1
    53 | D:1      | Slain by a jackal

Illustrated notes

Levels and vault maps discovered:
D:1:      saegor_arrival_simple_c, layout_rooms, grunt_decor_cap

Action                     || total
---------------------------++-------
  Melee: Unarmed           ||    11
         Constrict         ||     4
         Tentacles         ||     3
 Armour: Skin              ||    11
  Dodge: Dodged            ||    10

Table legend: (Time is in decaauts)
 A = Elapsed time spent in this place.
 B = Non-inter-level travel time spent in this place.
 C = Inter-level travel time spent in this place.
 D = Time resting spent in this place.
 E = Time spent auto-exploring this place.
 F = Levels seen in this place.
 G = Mean time per level.
                   A        B        C        D        E       F      G
               +--------+--------+--------+--------+--------+-----+--------+
         Total |     52 |     52 |      0 |      0 |     25 |   1 |   52.0 |
       Dungeon |     52 |     52 |      0 |      0 |     25 |   1 |   52.0 |
               +--------+--------+--------+--------+--------+-----+--------+

Top non-repeatable levels by time:
     D:1: 52 daAuts
